 Dungeon Crawl Stone Soup version 0.27-a0-1188-g73eefd5def (webtiles) character file.

Game seed: 11001242975084447108

77 pmoppi the Chucker (level 4, -2/48 HPs)
             Began as an Ogre Hunter on May 20, 2021.
             Was an Initiate of Ashenzari.
             Slain by a goblin
             ... wielding a +0 dagger
             ... led by Robin
              (4 damage)
             ... on level 3 of the Dungeon.
             The game lasted 00:03:28 (2698 turns).

pmoppi the Chucker (Ogre Hunter)                    Turns: 2698, Time: 00:03:28

Health: -2/48      AC:  3    Str: 16    XL:     4   Next: 33%
Magic:  4/4        EV: 10    Int: 13    God:    Ashenzari [......]
Gold:   43         SH:  0    Dex:  9    Spells: 3/3 levels left

rFire    . . .     SeeInvis .   i - +0 mace
rCold    . . .     Faith    .   (no shield)
rNeg     . . .     Spirit   .   b - +0 robe
rPois    .         Reflect  .   (helmet restricted)
rElec    .         Harm     .   (no cloak)
rCorr    .         Rampage  .   (gloves unavailable)
Will     .....                  (boots unavailable)
Stlth    +.........             (no amulet)
HPRegen  0.16/turn              (no ring)
MPRegen  0.09/turn              (no ring)

@: no status effects
A: large, unfitting armour, tough skin 1
a: Renounce Religion


You were on level 3 of the Dungeon.
You worshipped Ashenzari.
Ashenzari was noncommittal.
You visited 1 branch of the dungeon, and saw 3 of its levels.

You collected 43 gold pieces.

Inventory:

Hand Weapons
 a - a +0 short sword
 i - a +0 mace (weapon)
Missiles
 c - 5 large rocks (quivered)
 d - 2 throwing nets
Armour
 b - a +0 robe (worn)
Scrolls
 e - a scroll of fear
 f - 2 scrolls of identify
 g - 2 scrolls of teleportation
 h - a scroll of enchant weapon
 j - a scroll of magic mapping


   Skills:
 + Level 4.0 Fighting
 + Level 4.6 Throwing
 + Level 2.7 Dodging
 - Level 0.6 Stealth


You had 3 spell levels left.
You didn't know any spells.
Your spell library was empty.

Dungeon Overview and Level Annotations

Branches:
Dungeon (3/15)

Altars:
Ashenzari
Fedhas

Annotations:
D:3 Robin


Innate Abilities, Weirdness & Mutations

You are too large for most types of armour.
You have tough skin. (AC +1)


Message History

A goblin comes into view. It is wielding a +0 dagger.
The goblin closely misses you. The hobgoblin hits you.
You closely miss the hobgoblin.
The hobgoblin is heavily wounded.
The goblin hits you with a +0 dagger. The hobgoblin hits you.
A goblin comes into view. It is wielding a +0 dagger.
You sock the hobgoblin!
You kill the hobgoblin!
The goblin hits you but does no damage. The hobgoblin barely misses you.
You hit the hobgoblin.
You kill the hobgoblin!
A goblin comes into view. It is wielding a +0 dagger.
The goblin hits you with a +0 dagger. The goblin hits you but does no damage.
You hit the goblin.
You kill the goblin!
The goblin hits you but does no damage.
You miss the goblin. The goblin hits you with a +0 dagger.
* * * LOW HITPOINT WARNING * * *
The goblin hits you with a +0 dagger.
* * * LOW HITPOINT WARNING * * *
The goblin barely misses you. The goblin closely misses you.
You hit the goblin.
You kill the goblin!
The goblin hits you with a +0 dagger.
* * * LOW HITPOINT WARNING * * *
The goblin hits you with a +0 dagger.
* * * LOW HITPOINT WARNING * * *
You hit the goblin.
The goblin is moderately wounded.
The goblin barely misses you. x2
You hit the goblin.
The goblin is heavily wounded.
The goblin no longer looks unusually strong.
The goblin hits you with a +0 dagger.
* * * LOW HITPOINT WARNING * * *
The goblin closely misses you. The goblin hits you but does no damage.
You completely miss the goblin.
The goblin is heavily wounded.
The goblin barely misses you. The goblin hits you with a +0 dagger.
You die...

###.............ggggg..
#########..#######.g.
##g## #g.# g ##.## #..
. #..###...# ..
##.#...#
...#########....#
.........g@gg.#...#
#####....###### #.#
##......... .#
##..######.
###...#...... #<..#...#
##.####..###
######..##......#
#.......#..####.#


You could see Robin and 2 goblins.

Vanquished Creatures
  An adder (D:2)
  An ufetubus (D:2)
  A dart slug (D:3)
  3 bats
  6 endoplasms
  A giant cockroach (D:1)
  11 goblins
  8 hobgoblins
  3 jackals (D:1)
  2 kobolds
  5 quokkas
  3 ball pythons
  A frilled lizard (D:3)
  5 rats
51 creatures vanquished.

Notes
Turn   | Place    | Note
-------+----------+-------------------------------------------
     0 | D:1      | pmoppi the Ogre Hunter began the quest for the Orb.
     0 | D:1      | Reached XP level 1. HP: 22/22 MP: 1/1
   448 | D:1      | Reached XP level 2. HP: 25/31 MP: 2/2
  1322 | D:1      | Reached XP level 3. HP: 29/37 MP: 3/3
  2027 | D:2      | Found a faded altar of an unknown god.
  2107 | D:2      | Found a blossoming altar of Fedhas.
  2282 | D:2      | Reached XP level 4. HP: 35/48 MP: 4/4
  2637 | D:3      | Found a broken altar of Ashenzari.
  2649 | D:3      | Became a worshipper of Ashenzari the Shackled
  2661 | D:3      | Noticed Robin
  2697 | D:3      | HP: 1/48 [goblin/+0 dagger[Robin] (5)]
  2698 | D:3      | Slain by a goblin

Illustrated notes

Levels and vault maps discovered:
D:1:      dpeg_arrival_radiant, layout_loops_cross
D:2:      layout_basic, ebering_ecumenical_altar_rust, basic_altar
D:3:      layout_rooms, ashenzari_conservatory_becter, minmay_goblin_outpost,
          uniq_robin

Skill      XL: |  1  2  3  4 |
---------------+-------------+-----
Fighting       | 3 4 |  4.0
Dodging        | 2 |  2.7
Throwing       | |  4.6
Stealth        | |  0.6

Action                   |  1- 3 |  4- 6 || total
-------------------------+-------+-------++-------
Melee: Short sword       |   138 |       ||   138
       Mace              |    60 |    32 ||    92
 Stab: Sleeping          |     5 |       ||     5
Armor: Robe              |    57 |     9 ||    66
Dodge: Dodged            |   120 |    22 ||   142

Table legend: (Time is in decaauts)
 A = Elapsed time spent in this place.
 B = Non-inter-level travel time spent in this place.
 C = Inter-level travel time spent in this place.
 D = Time resting spent in this place.
 E = Time spent auto-exploring this place.
 F = Levels seen in this place.
 G = Mean time per level.
                   A        B        C        D        E       F      G
               +--------+--------+--------+--------+--------+-----+--------+
         Total |   2747 |   2629 |    118 |    551 |   1644 |   3 |  915.7 |
       Dungeon |   2747 |   2629 |    118 |    551 |   1644 |   3 |  915.7 |
               +--------+--------+--------+--------+--------+-----+--------+

Top non-repeatable levels by time:
     D:1: 1672 daAuts
     D:2: 942 daAuts
     D:3: 132 daAuts
